AoeStats
← tarepo

Four Lakes

508050569Analyzed
1v1 RM · 10d ago on Sep 20, 2026· 47m 22s· 2 players
Game mode
Random Map
Map size
Tiny (2 player)
Population
200
Speed
Normal
Resources
Standard
Victory
Conquest
Starting age
Dark Age
Ending age
Imperial Age
RankedLock teamsTeams togetherTeam positionsShared explorationLock speedFull tech treeHidden civsTurbo modeCheats
Victory
Defeat
🇨🇭 Japanese · Switzerland
419
+14
🇦🇷 Vietnamese · Argentina
374
-14
aac
0:32 Loom
10:35 Feudal Age
12:17 Wheelbarrow
11:29 Double-Bit Axe
17:39 Gold Mining
17:39 Stone Mining
17:55 Fishing Lines
21:55 Horse Collar
25:09 Castle Age
26:52 Hand Cart
26:49 Bow Saw
26:34 Gillnets
26:14 Pikeman
27:34 Fletching
27:44 Padded Archer Armor
27:45 Scale Mail Armor
27:55 Forging
29:19 Elite Skirmisher
30:05 Thumb Ring
30:20 Chain Mail Armor
30:20 Leather Archer Armor
30:00 Bodkin Arrow
32:09 Stone Shaft Mining
32:17 Stone Shaft Mining
31:44 Heavy Plow
35:04 Squires
39:20 Imperial Age
39:30 Ballistics
38:50 Treadmill Crane
39:22 Fortified Wall
39:29 Heavy Cavalry Archer
39:32 Imperial Skirmisher
39:36 Halberdier
40:53 Ring Archer Armor
41:27 Chemistry
40:34 Bracer
42:28 Two-Man Saw
tarepo
6:45 Loom
11:46 Feudal Age
13:02 Fishing Lines
14:03 Double-Bit Axe
19:48 Castle Age
20:38 Husbandry
20:49 Bloodlines
20:45 Squires
21:33 Stone Mining
22:47 Gold Mining
27:02 Light Cavalry
30:58 Wheelbarrow
30:49 Bow Saw
32:04 Scale Mail Armor
32:14 Forging
33:30 Hand Cart
33:03 Town Watch
36:46 Imperial Age
35:19 Town Patrol
37:09 Chain Mail Armor
37:30 Iron Casting
37:02 Scale Barding Armor
37:53 Conscription
37:55 Horse Collar
38:52 Gold Shaft Mining
39:47 Elite Samurai
41:53 Plate Mail Armor
41:44 Chain Barding Armor
42:25 Blast Furnace
41:16 Capped Ram
43:29 Kataparuto
45:08 Gillnets
46:20 Capped Ram
Connection lost

Rejoining the realm…

Still unreachable

The connection could not be restored.

Session expired

The server has moved on; the page needs a fresh start.